 Dungeon Crawl Stone Soup version 0.20.0-15-g7f486f2 (webtiles) character file.

319 Inarius the Digger (level 6, 0/36 HPs)
             Began as a Gargoyle Earth Elementalist on June 27, 2017.
             Killed by nerve-wracking pain
             ... invoked by an orc priest
              (7 damage)
             ... on level 3 of the Dungeon.
             The game lasted 00:09:49 (4489 turns).

Inarius the Digger (Gargoyle Earth Elementalist)    Turns: 4489, Time: 00:09:50

Health: 0/36       AC: 11    Str: 12    XL:     6   Next: 45%
Magic:  1/11       EV: 11    Int: 17    God:
Gold:   96         SH:  0    Dex: 10    Spells: 3/11 levels left

rFire    . . .     SeeInvis .   j - +0 morningstar
rCold    . . .     Gourm    .   (no shield)
rNeg     + . .     Faith    .   f - +0 leather armour
rPois    ∞         Spirit   .   c - +0 helmet
rElec    +         Reflect  .   (no cloak)
rCorr    .         Harm     .   o - +2 pair of gloves
MR       .....                  (no boots)
Stlth    ++........             (no amulet)
Regen    0.2/turn               (no ring)
MPRegen  0.2/turn               (no ring)

@: no status effects
A: negative energy resistance 1, electricity resistance, unbreathing,
petrification resistance, rot immunity, AC +4
a: no special abilities


You were on level 3 of the Dungeon.
You were not hungry.

You visited 1 branch of the dungeon, and saw 3 of its levels.

You collected 96 gold pieces.

Inventory:

Hand Weapons
 a - a +0 dagger
 j - a +0 morningstar (weapon)
Missiles
 b - 79 stones (quivered)
Armour
 c - a +0 helmet (worn)
 f - a +0 leather armour (worn)
 m - a +1 chain mail of fire resistance
 o - a +2 pair of gloves (worn)
 q - a +0 scale mail
Scrolls
 h - a scroll of amnesia
 n - a scroll of recharging
Potions
 g - a potion of invisibility {unknown}
 i - 2 potions of cancellation {unknown}
 l - a potion of lignification
Books
 e - a book of Geomancy

   Spells                             Type                      Level
   a - Sandblast                      Earth                        1
   b - Passwall                       Transmutation/Earth          2
   c - Stone Arrow                    Conjuration/Earth            3
   d - Petrify                        Transmutation/Earth          4
   e - Lee's Rapid Deconstruction     Earth                        5
Comestibles
 d - a bread ration
 k - a meat ration
 r - 3 chunks of flesh


   Skills:
 * Level 2.5 Fighting
 - Level 0.2 Maces & Flails
 - Level 2.1 Armour
 + Level 1.6 Dodging
 - Level 2.1 Stealth
 + Level 3.4 Spellcasting
 * Level 1.6 Conjurations
 * Level 1.4 Transmutations
 + Level 5.4 Earth Magic


You had 3 spell levels left.
You knew the following spells:

 Your Spells              Type           Power        Failure   Level  Hunger
a - Sandblast             Erth           ###...       2%          1    None
b - Stone Arrow           Conj/Erth      ##....       14%         3    ###....
c - Petrify               Tmut/Erth      ##......     45%         4    ####...


Dungeon Overview and Level Annotations

Branches:
Dungeon (3/15)

Altars:
Trog
Zin

Shops:
D:2 *


Innate Abilities, Weirdness & Mutations

You are resistant to torment.
Your stone body is resilient. (AC +4)
You are immune to poison.
You resist negative energy. (rN+)
You are resistant to electric shocks. (rElec)
You can survive without breathing.
You are immune to petrification.
You are immune to rotting.


Message History

Casting: Sandblast
Confirm with . or Enter, or press ? or * to list all spells.
Aiming: Sandblast
Press: ? - help, Shift-Dir - straight line, f/p - orc priest
Aim: an orc priest, wearing a ring mail (heavily wounded)
The blast of sand hits the orc priest.
The orc priest is heavily wounded.
b - 80 stones The orc priest hits you but does no damage.
Casting: Sandblast
Confirm with . or Enter, or press ? or * to list all spells.
Aiming: Sandblast
Press: ? - help, Shift-Dir - straight line, f/p - orc priest
Aim: an orc priest, wearing a ring mail (heavily wounded)
The blast of sand hits the orc priest.
The orc priest is severely wounded.
b - 79 stones The orc priest invokes the aid of Beogh against you.
Pain shoots through your body!
You die...

#####.#
#.# #
#.# #.#
# #.#
#.# #
#.# #.#
# #.#
#.# ..#
#.# ###
#.# #.#
#@# #o#
#)# #.#
##.#
#.)#
#(##
#.# #.#


You could see an orc priest.

Vanquished Creatures
  The ghost of Inarius the Digger, an amateur GrEE (D:3)
  An orc priest (D:3)
  A hound (D:2)
  An orc wizard (D:3)
  Robin (D:3)
  6 adders
  4 worms
  A dart slug (D:2)
  3 leopard geckos (D:2)
  12 orcs
  2 ball pythons
  7 bats
  A giant cockroach (D:1)
  8 goblins
  11 hobgoblins
  A jackal (D:2)
  4 frilled lizards
  5 kobolds
  8 rats
78 creatures vanquished.

Notes
Turn   | Place    | Note
-------+----------+-------------------------------------------
     0 | D:1      | Inarius the Gargoyle Earth Elementalist began the quest for the Orb.
     0 | D:1      | Reached XP level 1. HP: 10/10 MP: 3/3
   564 | D:1      | Reached XP level 2. HP: 16/16 MP: 5/5
  1345 | D:1      | Reached skill level 4 in Earth Magic
  1612 | D:2      | Reached skill level 1 in Fighting
  1612 | D:2      | Reached XP level 3. HP: 6/20 MP: 3/6
  2171 | D:2      | Reached skill level 1 in Armour
  2192 | D:2      | Found Zin's Purification Station.
  2194 | D:2      | Found a glowing silver altar of Zin.
  2277 | D:2      | Reached XP level 4. HP: 11/25 MP: 2/7
  2468 | D:2      | Learned a level 3 spell: Stone Arrow
  2475 | D:2      | Learned a level 4 spell: Petrify
  2598 | D:2      | Found a bloodstained altar of Trog.
  3125 | D:3      | Noticed Inarius's ghost (amateur GrEE)
  3126 | D:3      | Noticed Robin
  3243 | D:2      | Reached skill level 5 in Earth Magic
  3275 | D:3      | Reached XP level 5. HP: 28/30 MP: 6/9
  3529 | D:3      | Killed Robin
  3905 | D:3      | Reached skill level 1 in Transmutations
  4153 | D:3      | Killed Inarius's ghost
  4153 | D:3      | Reached skill level 1 in Conjurations
  4153 | D:3      | Reached XP level 6. HP: 36/36 MP: 4/11
  4489 | D:3      | Killed from afar by an orc priest

Skill      XL: |  1  2  3  4  5 |
---------------+----------------+-----
Earth Magic    | 4 5 |  5.4
Fighting       | 1 2 |  2.5
Armour         | 1 2 |  2.1
Spellcasting   | 3 |  3.4
Transmutations | 1 |  1.4
Conjurations   | 1 |  1.6
Maces & Flails | |  0.2
Dodging        | |  1.6
Stealth        | |  2.1

Action                   |  1- 3 |  4- 6 || total
-------------------------+-------+-------++-------
Melee: Dagger            |    69 |   148 ||   217
       Morningstar       |       |     8 ||     8
 Cast: Sandblast         |    20 |    76 ||    96
  Use: Scroll            |       |     6 ||     6
       Potion            |       |     1 ||     1
 Stab: Sleeping          |     4 |     1 ||     5
       Distracted        |       |     1 ||     1
  Eat: Chunk             |     4 |     8 ||    12
Armor: Robe              |    11 |       ||    11
       Leather armour    |    30 |    96 ||   126
Dodge: Dodged            |    42 |   120 ||   162
